 Dungeon Crawl Stone Soup version 0.31-a0-986-g5e6e4ef867 (webtiles) character file.

Game seed: 9358868072332419813

108 rocky1 the Magician (level 4, -6/36 HPs)
             Began as a Deep Elf Earth Elementalist on Nov 4, 2023.
             Mangled by Crazy Yiuf
             ... wielding a +3 quarterstaff of chaos
              (7 damage)
             ... on level 3 of the Dungeon on Nov 5, 2023.
             The game lasted 00:07:40 (2360 turns).

rocky1 the Magician (Deep Elf Earth Elementalist)   Turns: 2360, Time: 00:07:41

Health: -6/36      AC: 22    Str:  7    XL:     4   Next: 58%
Magic:  11/12      EV:  2    Int: 20    God:
Gold:   63         SH:  0    Dex: 15    Spells: 3/12 levels left

rFire   . . .        f - +0 short sword
rCold   . . .        (no shield)
rNeg    . . .        a - melded +0 robe
rPois   +            (helmet currently unavailable)
rElec   .            (cloak currently unavailable)
rCorr   .            (gloves currently unavailable)
SInv    .            (boots currently unavailable)
Will    +....        i - amulet of the acrobat
Stlth   ++           k - ring of willpower
HPRegen 0.26/turn    (no ring)
MPRegen 0.13/turn

%: acrobat
@: lethally poisoned (-6 -> -7), tree-form, hasted, very quick
A: stationary, stasis, torment immunity, boosted hp
a: no special abilities


You were on level 3 of the Dungeon.
You were a tree.
You visited 1 branch of the dungeon, and saw 3 of its levels.

You collected 63 gold pieces.

Inventory:

Hand Weapons
 f - a +0 short sword (weapon)
Missiles
 g - 3 poisoned darts
Armour
 a - a +0 robe (melded)
Jewellery
 i - an amulet of the acrobat (around neck)
 k - a ring of willpower (left branch)
Wands
 m - a wand of flame (22)
Scrolls
 e - a scroll of teleportation
 h - a scroll of amnesia {unknown}
 j - 3 scrolls of identify {unknown}
 l - a scroll of blinking {unknown}
 n - a scroll of summoning {unknown}
Potions
 b - a potion of magic


   Skills:
 + Level 0.2 Fighting
 + Level 2.6 Dodging
 - Level 2.4 Stealth
 + Level 4.9 Spellcasting
 + Level 1.2 Transmutations
 + Level 4.7 Earth Magic


You had 3 spell levels left.
You knew the following spells:

 Your Spells              Type           Power      Damage    Failure   Level
a - Sandblast             Erth           46%        2d11      1%          1
b - Passwall              Tmut/Erth      13%        N/A       5%          2
c - Stone Arrow           Conj/Erth      28%        3d8       13%         3
d - Summon Guardian Gole  Hex/Summ       4%         N/A       34%         3

Your spell library contained the following spells:

 Spells                   Type           Power      Damage    Failure   Level
 Petrify                  Tmut/Erth      16%        N/A       34%         4
 Brom's Barrelling Bould  Conj/Erth      14%        2d4       41%         4
 Orb of Destruction       Conj           2%         9d5       100%        7
 Spellforged Servitor     Conj/Summ      2%         N/A       100%        7


Dungeon Overview and Level Annotations

Branches:
Dungeon (3/15)

Altars:
Zin

Annotations:
D:3 Crazy Yiuf


Message History

Crazy Yiuf hits you with a +3 quarterstaff of chaos.
* * * LOW HITPOINT WARNING * * *
Crazy Yiuf burns you.
* * * LOW HITPOINT WARNING * * *
You feel much better.
You feel sick.
Crazy Yiuf hits you with a +3 quarterstaff of chaos!
Ouch! That really hurt!
* * * LOW HITPOINT WARNING * * *
Unknown command.
It was a potion of lignification.
You turn into a tree.
Your +0 robe melds into your body.
Your roots penetrate the ground.
You feel strangely stable.
You feel sick.
Crazy Yiuf hits you with a +3 quarterstaff of chaos.
* * * LOW HITPOINT WARNING * * *
You feel yourself speed up.
Unknown command.
You barely miss Crazy Yiuf.
Crazy Yiuf is severely wounded.
* * * LOW HITPOINT WARNING * * *
You feel sick.
You hit Crazy Yiuf but do no damage.
Crazy Yiuf is severely wounded.
Crazy Yiuf hits you but does no damage.
You barely miss Crazy Yiuf.
Crazy Yiuf is severely wounded.
* * * LOW HITPOINT WARNING * * *
You feel sick. Crazy Yiuf completely misses you.
You hit Crazy Yiuf but do no damage.
Crazy Yiuf is severely wounded.
* * * LOW HITPOINT WARNING * * *
You feel sick.
Aiming: Sandblast (safe; 1% risk of failure)
Press: ? - help, Q - select action, (/) - cycle Shift-Dir - straight line, f/p - Crazy Yiuf
Aim: Crazy Yiuf, wielding a +3 quarterstaff of chaos and wearing a +0 cloak (severely wounded, 85% to hit)
The blast of sand hits Crazy Yiuf.
Crazy Yiuf is severely wounded.
* * * LOW HITPOINT WARNING * * *
You feel sick.
Crazy Yiuf hits you with a +3 quarterstaff of chaos!
You die...

#####
#..)#
#...#
... #g#
♣♣♣♣
♣.♣♣
♣♣.♣
♣.♣♣
♣♣.♣♣
..#
♣...♣♣
...
♣....♣
...
#....#
..
##..####
.#


You could see Crazy Yiuf.

Vanquished Creatures
  Jessica (D:3)
  3 gnolls (D:2)
  An adder (D:2)
  3 worms
  A dart slug (D:3)
  4 endoplasms (D:1)
  A giant cockroach (D:2)
  3 goblins
  2 hobgoblins
  3 jackals (D:1)
  3 kobolds
  3 quokkas
  4 ball pythons
  A bat (D:1)
  2 frilled lizards
35 creatures vanquished.

Notes
Turn   | Place    | Note
-------+----------+-------------------------------------------
     0 | D:1      | rocky1 the Deep Elf Earth Elementalist began the quest for
                  | the Orb.
     0 | D:1      | Reached XP level 1. HP: 10/10 MP: 6/6
   367 | D:1      | Reached XP level 2. HP: 15/15 MP: 6/8
   943 | D:2      | Reached XP level 3. HP: 19/19 MP: 6/10
  1726 | D:2      | Learned a level 2 spell: Passwall
  1730 | D:2      | Learned a level 3 spell: Stone Arrow
  1734 | D:2      | Learned a level 3 spell: Summon Guardian Golem
  2001 | D:2      | Reached XP level 4. HP: 24/24 MP: 8/12
  2161 | D:3      | Found a glowing silver altar of Zin.
  2221 | D:3      | Noticed Jessica
  2232 | D:3      | Killed Jessica
  2346 | D:3      | Found a runed translucent door.
  2347 | D:3      | Noticed Crazy Yiuf
  2360 | D:3      | HP: 1/36 [poisoned by Crazy Yiuf]
  2360 | D:3      | Mangled by Crazy Yiuf

Illustrated notes

Levels and vault maps discovered:
D:1:      lemuel_arrival_cross, layout_loops_ring
D:2:      layout_loops_corners, chequers_hall_statues_y
D:3:      layout_rooms, mainiacjoe_overflow_concentric_impassable,
          uniq_crazy_yiuf_cottage, uniq_jessica

Skill      XL: |  1  2  3 |
---------------+----------+-----
Earth Magic    | 4 |  4.7
Spellcasting   | 4 |  4.9
Fighting       | |  0.2
Dodging        | |  2.6
Stealth        | |  2.4
Transmutations | |  1.2

Action                     |  1- 3 |  4- 6 || total
---------------------------+-------+-------++-------
  Melee: Unarmed           |     5 |       ||     5
         Punch             |     1 |       ||     1
         Short sword       |       |     4 ||     4
   Cast: Sandblast         |    48 |    16 ||    64
    Use: Scroll            |     1 |     2 ||     3
         Potion            |       |     3 ||     3
   Stab: Sleeping          |     1 |       ||     1
 Armour: Robe              |    13 |     6 ||    19
         Skin              |       |     3 ||     3
  Dodge: Dodged            |    16 |     2 ||    18

Table legend: (Time is in decaauts)
 A = Elapsed time spent in this place.
 B = Non-inter-level travel time spent in this place.
 C = Inter-level travel time spent in this place.
 D = Time resting spent in this place.
 E = Time spent auto-exploring this place.
 F = Levels seen in this place.
 G = Mean time per level.
                   A        B        C        D        E       F      G
               +--------+--------+--------+--------+--------+-----+--------+
         Total |   2388 |   2326 |     62 |    291 |   1693 |   3 |  796.0 |
       Dungeon |   2388 |   2326 |     62 |    291 |   1693 |   3 |  796.0 |
               +--------+--------+--------+--------+--------+-----+--------+

Top non-repeatable levels by time:
     D:2: 1312 daAuts
     D:1: 870 daAuts
     D:3: 205 daAuts
